 Dungeon Crawl Stone Soup version 0.29.0-4-gdea44cf6ec (webtiles) character file.

Game seed: 481476595061099605

29 qw the Sneak (level 3, -1/23 HPs)
             Began as a Gargoyle Delver on Sept 10, 2022.
             Slain by Edmund
             ... wielding a +0 flail of protection
              (7 damage)
             ... on level 5 of the Dungeon.
             The game lasted 00:00:03 (393 turns).

qw the Sneak (Gargoyle Delver)                       Turns: 393, Time: 00:00:03

Health: -1/23      AC:  6    Str: 17    XL:     3   Next: 16%
Magic:  3/3        EV: 11    Int: 10    God:
Gold:   4          SH:  0    Dex: 11    Spells: 2/2 levels left

rFire   . . .      SeeInvis .   a - +0 hand axe
rCold   . . .      Faith    .   (no shield)
rNeg    + . .      Spirit   .   b - +0 leather armour
rPois   inf        Reflect  .   (no helmet)
rElec   +          Harm     .   (no cloak)
rCorr   .          Rampage  .   (no gloves)
Will    .....                   (no boots)
Stlth   +++.......              (no amulet)
HPRegen 0.07/turn               (no ring)
MPRegen 0.08/turn               (no ring)

@: no status effects
A: sickness immunity, AC +3, negative energy resistance 1, electricity
resistance, torment resistance 1, petrification resistance
a: no special abilities


You were on level 5 of the Dungeon.
You visited 1 branch of the dungeon, and saw 1 of its levels.

You collected 4 gold pieces.


Innate Abilities, Weirdness & Mutations

You are immune to sickness and miasma.
Your stone body is resilient. (AC +3)
You are immune to poison.
You resist negative energy. (rN+)
You are resistant to electric shocks. (rElec)
You are resistant to unholy torment.
You are immune to petrification.


   Skills:
 - Level 3.2 Fighting
 + Level 3.2 Axes
 - Level 1.5 Dodging
 - Level 5.4 Stealth


You had 2 spell levels left.
You didn't know any spells.
Your spell library was empty.

Inventory:

Hand Weapons
 a - a +0 hand axe (weapon)
Armour
 b - a +0 leather armour (worn)
Wands
 g - a wand of digging (3)
Scrolls
 c - a scroll of fog
 d - a scroll of magic mapping
 e - a scroll of fear
 h - a scroll of blinking {unknown}
 i - a scroll of identify {unknown}
Potions
 f - a potion of haste

Dungeon Overview and Level Annotations

Branches:
Dungeon (5/15)
 Temple: D:4-7

Altars:

Shops:
D:5 (*

Annotations:
D:5 Edmund


Message History

You can access your shopping list by pressing '$'.
310 ||| SHOPLISTING war axe (91 gold, have 4).
You can access your shopping list by pressing '$'.
Found a short sword.
You open the door.
There is an open door here.
There is an entrance to Gaybboschihoa's Antique Weapon Boutique here.
321 ||| SHOPLISTING club (28 gold, have 4).
You can access your shopping list by pressing '$'.
321 ||| SHOPLISTING morningstar (112 gold, have 4).
You can access your shopping list by pressing '$'.
321 ||| SHOPLISTING runed flail (182 gold, have 4).
You can access your shopping list by pressing '$'.
There is an open door here.
You see here a +0 short sword.
You open the door.
There is an open door here.
You open the door.
There is an open door here.
Edmund the Younger comes into view.
He is wielding a +0 flail of protection and wearing a +2 leather armour of fire resistance.
Found a stone staircase leading down.
Edmund shouts!
Enter note:
Enter note: You hit Edmund but do no damage.
Edmund hits you with a +0 flail of protection.
You hit Edmund but do no damage.
Edmund hits you with a +0 flail of protection.
You closely miss Edmund.
Edmund hits you with a +0 flail of protection.
Edmund barely misses you.
You hit Edmund but do no damage. Edmund hits you but does no damage.
You hit Edmund but do no damage.
Edmund hits you with a +0 flail of protection!
You barely miss Edmund. Edmund closely misses you.
You barely miss Edmund.
Edmund hits you with a +0 flail of protection!
You die...

#.# #.. #.# #.# #
#.# #.# #.# ...# #.#
.....
##########.###....##
.........#..@@......
...................>
########.#..##....#.
#.#..# ....# #.#..#
...# #.#..#######
#.#.........
#.#.########
#...........


You could see Edmund.

Vanquished Creatures
  A hound (D:5)
1 creature vanquished.

Vanquished Creatures (others)
  2 plants (D:5)
2 creatures vanquished.

Grand Total: 3 creatures vanquished

Notes
Turn   | Place    | Note
-------+----------+-------------------------------------------
     0 | D:5      | qw the Gargoyle Delver began the quest for the Orb.
     0 | D:5      | Reached XP level 1. HP: 14/14 MP: 1/1
     0 | D:5      | 0 ||| qw: Version: 0.1-a-116-g5d60599
     0 | D:5      | 0 ||| qw: Game counter: 7856
     0 | D:5      | 0 ||| qw: Always use a shield: true
     0 | D:5      | 0 ||| qw: God list: Okawaru
     0 | D:5      | 0 ||| qw: Allow faded altars: false
     0 | D:5      | 0 ||| qw: Do Orc after D:15 true
     0 | D:5      | 0 ||| qw: Do second Lair branch before Depths: true
     0 | D:5      | 0 ||| qw: Lair rune preference: random
     0 | D:5      | 0 ||| qw: Plans: Normal
     0 | D:5      | 0 ||| PLANNING D:1-11
    57 | D:5      | Found Mebocsug's Assorted Antiques.
    63 | D:5      | Noticed a hound
    72 | D:5      | HP: 3/14 [hound (1)]
    75 | D:5      | Killed a hound
    76 | D:5      | Reached skill level 3 in Axes
    76 | D:5      | Reached XP level 2. HP: 5/19 MP: 2/2
    76 | D:5      | Reached XP level 3. HP: 6/23 MP: 3/3
   310 | D:5      | 310 ||| SHOPLISTING 3 scrolls labelled BIVYENL FIFILAB (78
                  | gold, have 4).
   310 | D:5      | 310 ||| SHOPLISTING chain mail (117 gold, have 4).
   310 | D:5      | 310 ||| SHOPLISTING glowing hand axe (156 gold, have 4).
   310 | D:5      | 310 ||| SHOPLISTING ring mail (104 gold, have 4).
   310 | D:5      | 310 ||| SHOPLISTING scale mail (104 gold, have 4).
   310 | D:5      | 310 ||| SHOPLISTING scroll labelled COMOOX YZUUZAU (26
                  | gold, have 4).
   310 | D:5      | 310 ||| SHOPLISTING war axe (91 gold, have 4).
   318 | D:5      | Found Gaybboschihoa's Antique Weapon Boutique.
   321 | D:5      | 321 ||| SHOPLISTING club (28 gold, have 4).
   321 | D:5      | 321 ||| SHOPLISTING morningstar (112 gold, have 4).
   321 | D:5      | 321 ||| SHOPLISTING runed flail (182 gold, have 4).
   383 | D:5      | Noticed Edmund
   391 | D:5      | HP: 5/23 [Edmund/+0 flail of protection (10)]
   393 | D:5      | Slain by Edmund

Levels and vault maps discovered:
D:5:      layout_basic, serial_shops, nicolae_shop_behind_doors, shop,
          nicolae_shop_overgrown_old_shop, nicolae_shop_crystal, shop,
          dreamdust_princess_bridge, uniq_edmund

Skill      XL: |  1 |
---------------+----+-----
Axes           | 3 |  3.2
Fighting       | |  3.2
Dodging        | |  1.5
Stealth        | |  5.4

Action                   || total
-------------------------++-------
Melee: Hand axe          ||    15
Armor: Leather armour    ||     1
Dodge: Dodged            ||    11

Table legend:
 A = Non-vault XP
 B = Vault XP
 C = Vault XP percentage of total XP
 D = Non-vault monster count
 E = Vault monster count
 F = Vault count percentage of total count
                 A         B        C        D         E       F
            +---------+---------+-------+---------+---------+-------
      Total |      42 |       0 |   0.0 |       1 |       0 |   0.0
            +---------+---------+-------+---------+---------+-------
        D:5 |      42 |       0 |   0.0 |       1 |       0 |   0.0
            +---------+---------+-------+---------+---------+-------
